AoeStats
← old f1sh

Arabia

508480352Analyzed
1v1 RM · 9d ago on Sep 22, 2026· 62m 59s· 2 players
Game mode
Random Map
Map size
Tiny (2 player)
Population
200
Speed
Normal
Resources
Standard
Victory
Conquest
Starting age
Dark Age
Ending age
Imperial Age
RankedLock teamsTeams togetherTeam positionsShared explorationLock speedFull tech treeHidden civsTurbo modeCheats
Victory
Defeat
🇨🇳 Random · China
1643
+11
🇺🇸 Random · United States
1536
-11
old f1sh
6:20 Loom
8:12 Feudal Age
7:56 Loom
8:48 Double-Bit Axe
9:19 Loom
15:12 Bloodlines
18:09 Fletching
22:12 Castle Age
20:01 Horse Collar
20:13 Stone Mining
21:59 Gold Mining
27:10 Wheelbarrow
26:59 Forging
33:15 Bow Saw
33:33 Scale Barding Armor
34:44 Hand Cart
35:24 Town Watch
39:37 Imperial Age
37:57 Chain Barding Armor
39:46 Iron Casting
41:20 Plate Barding Armor
41:46 Blast Furnace
42:12 Conscription
42:10 Heavy Plow
41:52 Elite Jarl
43:44 Bodkin Arrow
44:21 Light Cavalry
47:13 Elite Skirmisher
47:31 Hussar
48:51 Husbandry
49:54 Bracer
49:54 Padded Archer Armor
52:37 Chemistry
51:58 Ballistics
52:25 Vendel Legacy
53:52 Masonry
55:27 Leather Archer Armor
55:43 Architecture
55:23 Siege Engineers
58:22 Ring Archer Armor
59:31 Architecture
59:21 Capped Ram
61:57 Siege Ram
sabernosefish
8:19 Loom
10:24 Feudal Age
10:54 Man-at-Arms
11:43 Double-Bit Axe
11:51 Horse Collar
17:27 Scale Barding Armor
22:16 Castle Age
21:06 Fletching
21:30 Bloodlines
23:09 Wheelbarrow
23:22 Chain Barding Armor
23:00 Bodkin Arrow
23:22 Bow Saw
23:37 Thumb Ring
25:05 Ballistics
25:25 Padded Archer Armor
26:10 Husbandry
26:27 Heavy Plow
27:24 Town Watch
29:59 Scale Mail Armor
32:15 Squires
36:58 Imperial Age
35:06 Leather Archer Armor
35:51 Arson
38:01 Conscription
37:20 Capped Ram
38:13 Bracer
38:43 Hand Cart
40:27 Chemistry
39:22 Cranequins
40:20 Town Patrol
41:09 Ring Archer Armor
41:36 Heavy Mounted Crossbowman
45:30 Siege Ram
46:29 Chain Mail Armor
45:37 Elite Varangian Guard
48:42 Plate Mail Armor
49:26 Gold Mining
49:02 Pikeman
50:29 Forging
51:30 Halberdier
53:34 Iron Casting
56:54 Blast Furnace
62:39 Elite Skirmisher
Connection lost

Rejoining the realm…

Still unreachable

The connection could not be restored.

Session expired

The server has moved on; the page needs a fresh start.